 Dungeon Crawl Stone Soup version 0.20.1-1-g8b1a95d (webtiles) character file.

23 striped the Ruffian (level 2, 0/23 HPs)
             Began as a Draconian Transmuter on July 18, 2017.
             Slain by a jackal (3 damage)
             ... on level 1 of the Dungeon.
             The game lasted 00:25:05 (464 turns).

striped the Ruffian (Draconian Transmuter)           Turns: 464, Time: 00:25:06

Health: 0/23       AC:  4    Str: 12    XL:     2   Next: 72%
Magic:  5/5        EV: 12    Int: 16    God:
Gold:   60         SH:  0    Dex: 11    Spells: 2/5 levels left

rFire    . . .     SeeInvis .   q - +0 whip
rCold    . . .     Gourm    .   (no shield)
rNeg     . . .     Faith    .   (armour unavailable)
rPois    .         Spirit   .   (helmet restricted)
rElec    .         Reflect  .   (no cloak)
rCorr    .         Harm     .   (no gloves)
MR       .....                  (no boots)
Stlth    +.........             (no amulet)
Regen    0.1/turn               i - +3 ring of intelligence
MPRegen  0.1/turn               (no ring)

@: no status effects
A: unfitting armour, cold-blooded, AC +4
a: no special abilities


You were on level 1 of the Dungeon.
You were not hungry.

You visited 1 branch of the dungeon, and saw 1 of its levels.

You collected 60 gold pieces.

Inventory:

Hand Weapons
 d - a +0 spear
 f - a +0 short sword
 h - a +0 mace
 k - a +0 club
 n - a +0 short sword
 o - a +0 hand axe
 q - a +0 whip (weapon)
Missiles
 a - 30 arrows
 e - 12 poisoned needles
 g - 17 stones (quivered)
Armour
 m - a +0 plate armour
Jewellery
 i - a +3 ring of intelligence (left hand)
Potions
 p - a potion of heal wounds {unknown}
Books
 b - a book of Changes

   Spells                             Type                      Level
   a - Beastly Appendage              Transmutation                1
   b - Sticks to Snakes               Transmutation                2
   c - Spider Form                    Transmutation/Poison         3
   d - Ice Form                       Ice/Transmutation            4
   e - Blade Hands                    Transmutation                5
Comestibles
 c - a bread ration
 j - a meat ration
 l - 2 royal jellies


   Skills:
 + Level 1.2 Fighting
 + Level 2.0 Dodging
 + Level 3.6 Unarmed Combat
 + Level 2.2 Spellcasting
 + Level 2.0 Transmutations


You had 2 spell levels left.
You knew the following spells:

 Your Spells              Type           Power        Failure   Level  Hunger
a - Beastly Appendage     Tmut           #.....       9%          1    #......
b - Sticks to Snakes      Tmut           #.......     14%         2    ###....


Dungeon Overview and Level Annotations

Branches:
Dungeon (1/15)

Altars:


Innate Abilities, Weirdness & Mutations

Your plain brown scales are hard. (AC +4)
You cannot fit into any form of body armour.
You are cold-blooded and may be slowed by cold attacks.


Message History

The jackal bites you but does no damage.
You miss the jackal.
The jackal bites you but does no damage.
The jackal bites you. x2
* * * LOW HITPOINT WARNING * * *
The jackal barely misses you.
The jackal bites you but does no damage.
The hobgoblin shouts!
You hit the jackal.
The jackal is almost dead.
The jackal closely misses you.
The jackal bites you but does no damage.
The jackal closely misses you. The jackal bites you.
* * * LOW HITPOINT WARNING * * *
You barely miss the jackal.
The jackal is almost dead.
The jackal barely misses you. The jackal bites you.
* * * LOW HITPOINT WARNING * * *
The jackal misses you. The jackal completely misses you. The jackal bites you.
You die...

#.#####.# #.......# # #..# #.#
###..#####.## ##### ##.#
#.###...##......### #....
#.####.....####........# #....
#..##..##............#.## #....
##.##.#####..##.........# #....
#.##.# #..............####....
#.#..# ##..........###...##....
###...###.......@.$..###.........
#....##...#....hhh...##..........
.....##.###(.........#.........>.
........# #..........#...........
......### #...g......#...........
......# #..(.......÷...........
.....## #..........#.....#.....
#....# #.((.......##..........
####.# ....... ###.†#####.


You could see 3 jackals and a hobgoblin.

Vanquished Creatures
  An ooze (D:1)
  A dart slug (D:1)
  3 giant cockroaches (D:1)
  2 hobgoblins (D:1)
  A jackal (D:1)
  3 bats (D:1)
  A frilled lizard (D:1)
  3 kobolds (D:1)
  2 rats (D:1)
17 creatures vanquished.

Notes
Turn   | Place    | Note
-------+----------+-------------------------------------------
     0 | D:1      | striped the Draconian Transmuter began the quest for the Orb.
     0 | D:1      | Reached XP level 1. HP: 16/16 MP: 3/3
   131 | D:1      | Reached XP level 2. HP: 2/23 MP: 5/5
   263 | D:1      | Learned a level 2 spell: Sticks to Snakes
   464 | D:1      | Slain by a jackal

Skill      XL: |  1 |
---------------+----+-----
Dodging        | 2 |  2.0
Fighting       | |  1.2
Unarmed Combat | |  3.6
Spellcasting   | |  2.2
Transmutations | |  2.0

Action                   || total
-------------------------++-------
Melee: Unarmed           ||    27
       Tailslap          ||     5
       Punch             ||     2
       Club              ||    15
       Spear             ||     5
       Whip              ||     4
       Mace              ||     4
       Short sword       ||     2
Throw: Stone             ||    15
 Cast: Beastly Appendage ||     1
  Use: Scroll            ||     3
Armor: Skin              ||    29
Dodge: Dodged            ||    57
